Map: 捕夢網 - 天梯版

Players

MEMENTO

  • Race: Terran Terran
  • League: Diamond
  • Spawn Location: 11:00

머엽 - Winner!

  • Race: Protoss Protoss
  • Spawn Location: 5:00

VOD

Have the link to the VOD?

Description

Time

  • Played on: Nov. 11, 2018, 4:20 a.m.
  • Length: 17:01
Show
View Real Time Build Order
Export as new Build Order

MEMENTO Terran 

Build Orders: Cyclone Opening, Mech 

Get SALT Encoding   

  12  0:01  SCV  
  13  0:13  Supply Depot  
  13  0:19  SCV  
  14  0:24  Refinery  
  14  0:31  SCV  
  15  0:43  Barracks  
  15  0:48  SCV  
  16  1:00  SCV  
  17  1:12  SCV  
  18  1:24  SCV  
  19  1:31  Reaper  
  20  1:36  SCV  
  21  1:46  Command Center  
  21  1:53  Orbital Command  
  21  2:03  Marine  
  21  2:07  Factory  
  22  2:18  SCV  
  23  2:26  Supply Depot  
  23  2:28  Marine  
  23  2:48  SCV  
  24  2:59  Cyclone, Barracks Reactor  
  24  3:00  SCV  
  24  3:05  Refinery  
  28  3:06  Orbital Command  
  28  3:12  SCV  
  29  3:24  SCV  
  30  3:36  SCV  
  30  3:37  SCV  
  33  3:48  SCV, Factory  
  33  3:49  SCV  
  33  3:52  Barracks Tech Lab  
  34  3:56  Supply Depot  
  34  4:00  SCV  
  34  4:01  SCV  
  36  4:05  Engineering Bay  
  36  4:10  Cyclone  
  36  4:11  Cyclone  
  36  4:12  SCV  
  36  4:14  SCV  
  44  4:24  SCV  
  44  4:26  SCV  
  46  4:37  SCV  
  46  4:38  SCV  
  47  4:45  Armory  
  47  4:46  Hellion x2  
  47  4:49  SCV  
  47  4:50  SCV  
  47  4:51  Supply Depot  
  53  4:53  Supply Depot  
  53  5:01  SCV  
  53  5:02  Missile Turret  
  53  5:06  Missile Turret  
  54  5:08  Missile Turret  
  54  5:13  SCV x2, Hellion x2  
  60  5:15  Supply Depot  
  60  5:16  Armory  
  60  5:18  Supply Depot  
  58  5:23  Armory  
  58  5:25  SCV, Siege Tank  
  58  5:28  SCV  
  63  5:32  Refinery  
  63  5:34  Refinery  
  63  5:35  Hellion x2  
  65  5:49  Missile Turret  
  65  5:56  Hellion x2  
  69  5:57  Siege Tank  
  69  6:13  Terran Vehicle Weapons Level 1  
  69  6:18  Hellion x2  
  71  6:29  Siege Tank  
  71  6:31  Factory  
  74  6:39  Hellion x2  
  78  6:41  Factory  
  78  6:47  Supply Depot  
  78  6:50  Supply Depot  
  78  7:00  Hellion x2  
  82  7:01  Siege Tank  
  82  7:03  Supply Depot  
  84  7:18  Missile Turret  
  84  7:22  Hellion x2  
  88  7:24  Factory Tech Lab, Missile Turret  
  88  7:26  Missile Turret  
  88  7:34  Hellion  
  88  7:35  SCV x2  
  92  7:43  Hellion x2  
  94  7:47  SCV  
  95  7:55  Siege Tank  
  95  7:57  Siege Tank  
  95  7:58  Hellion  
  103  8:04  Hellion x2  
  90  8:19  Hellion  
  84  8:26  Hellion x2  
  84  8:27  Hellion  
  84  8:29  Siege Tank  
  71  8:47  Hellion x2  
  75  8:48  Siege Tank  
  75  8:52  Factory Reactor  
  75  8:54  Terran Vehicle Weapons Level 2  
  73  9:01  Siege Tank  
  76  9:09  Hellion x2  
  80  9:20  Siege Tank  
  80  9:22  Infernal Pre-Igniter  
  83  9:30  Hellion x2  
  87  9:32  Terran Vehicle And Ship Armor Level 1  
  87  9:33  Siege Tank  
  87  9:38  Hellion x2  
  94  9:42  Supply Depot  
  94  9:51  Hellion x2  
  94  9:52  Siege Tank  
  101  9:58  SCV  
  101  9:59  Hellion x2  
  106  10:05  Siege Tank  
  109  10:13  Hellion x2  
  113  10:20  Hellion x2  
  117  10:33  Supply Depot  
  117  10:34  Supply Depot  
  117  10:52  Hellion x2  
  117  10:54  Hellion  
  117  10:55  Hellion x3  
  102  10:58  Supply Depot  
  64  11:14  Hellion x2  
  64  11:16  Hellion x4  
  73  11:35  Hellion, Siege Tank  
  73  11:37  Hellion x3, Siege Tank  
  73  11:39  Command Center  
  87  11:57  Terran Vehicle And Ship Armor Level 2, Hellion  
  87  11:59  Hellion x3  
  95  12:07  Siege Tank  
  96  12:09  Siege Tank  
  97  12:18  Hellion  
  97  12:20  Hellion x2  
  97  12:21  Missile Turret  
  103  12:24  Hellion  
  105  12:32  Terran Vehicle Weapons Level 3  
  105  12:39  Hellion, Siege Tank  
  105  12:41  Hellion x2, Siege Tank  
  117  12:53  Hellion  
  119  12:59  Planetary Fortress  
  119  13:01  Hellion  
  121  13:11  Siege Tank  
  124  13:13  Hellion x2, Siege Tank  
  124  13:14  Hellion  
  133  13:22  Hellion  
  135  13:38  Hellion  
  135  13:39  Hellion x2  
  139  13:43  Siege Tank  
  139  13:45  Siege Tank  
  143  14:02  Hellion x2  
  139  14:15  Siege Tank  
  140  14:18  Siege Tank  
  76  14:47  Siege Tank  
  76  14:50  Hellion x4, Siege Tank  
  88  15:04  Refinery  
  88  15:07  Refinery  
  88  15:11  Hellion x3  
  88  15:12  Command Center, Hellion  
  96  15:20  Siege Tank  
  99  15:22  Siege Tank  
  102  15:32  Cyclone x2, Hellion  
  102  15:33  Cyclone  
  113  15:52  Siege Tank  
  113  15:54  Cyclone, Siege Tank  
  122  16:05  Hellion x3  
  128  16:12  Missile Turret  
  128  16:24  Siege Tank  
  131  16:26  Hellion x4, Siege Tank  
  142  16:33  SCV x3  
Show
View Real Time Build Order
Export as new Build Order

머엽 Protoss - Winner!

Build Orders: 1 Gate Expand, Double Forge 

Get SALT Encoding   

  12  0:00  Probe  
  13  0:12  Probe  
  14  0:18  Pylon  
  14  0:24  Probe  
  15  0:32  Probe  
  15  0:38  Gateway  
  15  0:40  Probe  
  16  0:48  Assimilator  
  17  0:51  Probe  
  18  1:03  Probe  
  19  1:15  Probe  
  20  1:27  Cybernetics Core  
  20  1:37  Nexus  
  20  1:39  Probe  
  21  1:53  Stalker, Assimilator  
  22  1:55  Pylon  
  22  2:07  Warp Gate  
  23  2:13  Probe  
  24  2:25  Probe  
  25  2:31  Stalker  
  27  2:37  Probe  
  28  2:49  Probe  
  29  2:54  Probe  
  29  2:58  Probe  
  30  3:01  Stalker  
  30  3:02  Probe  
  33  3:06  Probe  
  33  3:10  Probe  
  35  3:15  Robotics Facility  
  35  3:16  Probe  
  37  3:22  Probe  
  37  3:25  Pylon  
  38  3:30  Stalker  
  40  3:40  Gateway  
  40  3:43  Gateway  
  40  3:45  Probe x2  
  42  3:50  Twilight Council  
  42  3:56  Observer  
  42  3:57  Probe  
  42  3:58  Probe  
  45  4:10  Blink, Probe x2  
  45  4:13  Stalker  
  45  4:15  Pylon  
  49  4:23  Warp Prism  
  51  4:38  Probe x2  
  52  4:41  Pylon  
  52  4:43  Stalker x2  
  56  4:50  Probe  
  56  4:52  Assimilator  
  57  4:56  Forge  
  57  4:58  Forge  
  57  5:00  Probe  
  57  5:02  Probe  
  57  5:06  Protoss Ground Armor Level 1  
  59  5:12  Probe  
  60  5:18  Nexus  
  60  5:22  Protoss Ground Weapons Level 1, Probe  
  60  5:24  Probe  
  60  5:27  Pylon  
  62  5:38  Probe x2  
  64  5:45  Stalker x2  
  64  5:46  Stalker  
  70  5:50  Probe x2  
  72  6:00  Pylon  
  69  6:08  Stalker  
  69  6:09  Stalker x2  
  73  6:12  Probe x2  
  73  6:15  Pylon  
  73  6:18  Charge  
  75  6:24  Gateway  
  75  6:25  Gateway  
  75  6:27  Gateway  
  75  6:32  Gateway  
  75  6:38  Gateway  
  75  6:39  Gateway  
  75  6:42  Pylon  
  75  6:45  Probe x3  
  78  6:52  Protoss Ground Weapons Level 2  
  78  6:57  Protoss Ground Armor Level 2  
  78  6:58  Pylon  
  78  7:00  Gateway  
  78  7:11  Probe x3  
  78  7:15  Shield Battery  
  81  7:22  Gateway  
  81  7:24  Gateway  
  81  7:25  Shield Battery  
  81  7:32  Pylon  
  81  7:36  Zealot x2  
  84  7:45  Probe  
  85  7:59  Zealot x2  
  85  8:00  Zealot x5  
  85  8:01  Zealot x2  
  79  8:20  Zealot x3  
  79  8:21  Zealot x4  
  79  8:22  Zealot x2  
  79  8:24  Immortal  
  91  8:45  Protoss Ground Weapons Level 3  
  91  8:54  Protoss Ground Armor Level 3  
  91  9:00  Nexus  
  91  9:01  Pylon  
  91  9:03  Immortal  
  91  9:06  Photon Cannon  
  91  9:08  Shield Battery  
  91  9:09  Photon Cannon  
  95  9:12  Shield Battery  
  95  9:14  Photon Cannon  
  95  9:16  Shield Battery  
  93  9:18  Pylon  
  93  9:22  Zealot x2  
  93  9:23  Zealot x2  
  93  9:24  Zealot x3  
  103  9:25  Zealot x3  
  103  9:30  Probe x2  
  115  9:35  Zealot x2  
  119  9:45  Zealot x3  
  119  9:46  Zealot  
  119  9:47  Zealot  
  119  9:48  Zealot  
  119  9:49  Sentry x2  
  119  9:50  Sentry  
  133  10:09  Pylon  
  133  10:10  Templar Archives  
  133  10:17  Assimilator  
  133  10:18  Probe x2, Assimilator  
  133  10:21  Probe, Assimilator x2  
  136  10:22  Assimilator  
  132  10:30  Probe x2  
  134  10:36  Zealot x4  
  134  10:37  Zealot x4  
  134  10:40  Pylon  
  102  10:57  Zealot x4  
  102  10:58  Zealot x6  
  78  11:12  Protoss Shields Level 1  
  78  11:21  Probe x2  
  80  11:29  Probe  
  85  11:32  Immortal  
  85  11:33  Probe x2  
  87  11:41  Probe  
  87  11:45  Probe x2  
  86  11:53  Probe  
  87  11:57  Probe  
  87  11:58  Probe  
  87  12:00  Zealot  
  87  12:01  Zealot x3  
  93  12:02  Zealot x2  
  93  12:04  Stargate  
  93  12:15  Immortal  
  93  12:25  Stargate  
  93  12:26  Stargate  
  93  12:29  Stargate  
  93  12:34  Nexus  
  93  12:36  Pylon  
  93  12:50  Immortal  
  89  12:56  Dark Shrine  
  93  12:59  Protoss Shields Level 2  
  93  13:00  Fleet Beacon  
  93  13:01  Pylon  
  93  13:04  Zealot x3  
  93  13:05  Zealot x5  
  107  13:07  High Templar x3  
  107  13:08  High Templar  
  107  13:11  Archon x2  
  117  13:24  Immortal  
  121  13:40  Zealot x3  
  125  13:45  Zealot x4  
  132  13:51  Zealot x3  
  132  13:52  Zealot  
  130  14:03  Immortal  
  130  14:08  Zealot x3  
  130  14:09  Zealot x3  
  140  14:12  Carrier x2  
  140  14:13  Carrier  
  150  14:23  High Templar x2  
  150  14:24  High Templar x3  
  118  14:31  Archon  
  118  14:32  Archon  
  118  14:33  Zealot x5  
  118  14:44  Graviton Catapult, Probe x3  
  113  14:56  Probe x3  
  116  15:08  Probe x2  
  116  15:09  Probe x2  
  120  15:18  Carrier  
  120  15:19  Carrier  
  120  15:20  Probe x2  
  122  15:21  Probe x2  
  122  15:26  Carrier  
  122  15:27  Photon Cannon  
  124  15:33  Pylon  
  142  15:55  Dark Templar x3  
  148  16:18  Assimilator  
  148  16:21  Assimilator  
  148  16:25  Shield Battery  
  154  16:26  Photon Cannon  
  154  16:27  Zealot x2  
  154  16:28  Zealot x5  
  154  16:29  Zealot  
  149  16:44  Dark Templar x2  
  149  16:45  Dark Templar x2  
  147  16:51  Nexus  
Tags
 
Add a new tag
Caveats
  • Supply blocks, unpowered buildings, or Contaminate may cause inaccurate times.
  • Supply counts are checked every 10 seconds.